cohdb
Replays
Latest Replays
All Replays
Popular Replays
Top Player Replays
Match Explorer
How It Works
Community
CoH3 Stats
Reddit
Sign in to upload your games and track your stats! →
Sign in with Steam
Match 42344666
Unlisted
Match 42344666
Overview
Messages
Build Orders
End
Kradschützen Motorcycle Team
Panzergrenadier Squad
Selects Panzerjäger Kommand Battlegroup
Selects Mine Fields
Panzergrenadier Squad
250 Light Carrier
Construct Light Support Kompanie
Combat Half-tracks
Fire Support Elements
Flakvierling Half-track
Assault Mechanized Group
Panzerjäger Squad
Selects Tank Busters
2.5-tonne Medical Truck
Construct Mechanized Kompanie
Selects Crew Shock Tactics
StuG III D Assault Gun
Selects Defensive Positions
Construct Panzerarmee Kommand
Panzer III L Medium Tank
Walking Stuka Rocket Launcher
Vehicle Survival Package
Panzer III L Medium Tank
Advanced Field Repairs
Veteran Squad Leaders
Armored Reserves
Panzer III L Medium Tank
LexLuthor
xCapone86
Vulak
Jules
nidjo
Sitonia
gUi
Ануслинг
0
0
Comments
sign in to comment!
No comments posted yet!